 Dungeon Crawl Stone Soup version 0.30-a0-341-g682706514a (webtiles) character file.

Game seed: 7486608671780664713

1082 derrydude the Chopper (level 8, -10/64 HPs)
             Began as a Demonspawn Cinder Acolyte on Nov 4, 2022.
             Was a High Priest of Ignis.
             Mangled by an orc warrior
             ... wielding a +0 halberd
              (12 damage)
             ... on level 6 of the Dungeon.
             The game lasted 00:16:35 (4902 turns).

derrydude the Chopper (Demonspawn Cinder Acolyte)   Turns: 4902, Time: 00:16:35

Health: -10/64     AC:  6    Str: 12    XL:     8   Next: 8%
Magic:  11/11      EV: 11    Int: 23    God:    Ignis [*****.]
Gold:   451        SH:  0    Dex: 14    Spells: 9/11 levels left

rFire   + . .      SeeInvis .    e - +7 broad axe (flame)
rCold   + . .      Faith    .    (no shield)
rNeg    . . .      Spirit   .    b - +1 robe
rPois   .          Reflect  .    p - +0 helmet
rElec   .          Harm     .    r - +0 cloak
rCorr   .          Rampage  .    (no gloves)
Will    .....                    (no boots)
Stlth   +.........               t - amulet "Xilab" {RegenMP *Slow Regen+ Str-3 Dex+5}
HPRegen 1.10/turn                i - ring of protection from cold
MPRegen 0.52/turn                n - +6 ring of intelligence

@: no status effects
A: claws 1, sharp scales 1
a: Renounce Religion, Fiery Armour, Foxfire Swarm, Rising Flame


You were on level 6 of the Dungeon.
You worshipped Ignis.
Ignis was extremely pleased with you.
You visited 1 branch of the dungeon, and saw 6 of its levels.
You also visited: Ossuary.

You collected 868 gold pieces.
You spent 417 gold pieces at shops.

Inventory:

Hand Weapons
 e - a +7 broad axe of flaming (weapon)
Missiles
 d - 61 stones (quivered)
 g - a throwing net
 k - 13 poisoned darts
Armour
 b - a +1 robe (worn)
 p - a +0 helmet (worn)
 r - a +0 cloak (worn)
Jewellery
 i - a ring of protection from cold (left claw)
 n - a +6 ring of intelligence (right claw)
 t - the amulet "Xilab" (around neck) {RegenMP *Slow Regen+ Str-3 Dex+5}
   (You bought it in a shop on level 6 of the Dungeon)

   [amulet of magic regeneration]

   It increases your rate of magic regeneration.
   Str:       It affects your strength (-3).
   Dex:       It affects your dexterity (+5).
   Regen:     It increases your rate of health regeneration.
   *Slow:     It may slow you when you take damage.
Wands
 s - a wand of polymorph (6)
Scrolls
 f - a scroll of teleportation
 l - a scroll of immolation
 u - a scroll of magic mapping
Potions
 a - 3 potions of heal wounds
 c - 4 potions of curing
 h - a potion of invisibility
 j - 2 potions of berserk rage {unknown}
 m - 3 potions of ambrosia {unknown}
 o - a potion of mutation {unknown}
 q - 2 potions of haste
 w - a potion of might {unknown}
 z - a potion of flight {unknown}


   Skills:
 - Level 6.0 Fighting
 * Level 6.9 Axes
 - Level 2.0 Spellcasting
 - Level 4.0 Fire Magic


You had 9 spell levels left.
You knew the following spells:

 Your Spells              Type           Power      Damage    Failure   Level
a - Scorch                Fire           40%        2d7       3%          2

Your spell library contained the following spells:

 Spells                   Type           Power      Damage    Failure   Level
 Gell's Gravitas          Tloc           2%         N/A       36%         3
 Lesser Beckoning         Tloc           4%         N/A       36%         3
 Teleport Other           Tloc           2%         N/A       36%         3


Dungeon Overview and Level Annotations

Branches:
Dungeon (6/15)            Ossuary (visited)
 Temple: D:4-7

Altars:

Shops:
D:1 =   D:2 =   D:6 *


Innate Abilities, Weirdness & Mutations

You have sharp fingernails.
You are partially covered in razor-sharp scales. (AC +1, Slay +1)


Message History

You barely miss the orc.
The orc is heavily wounded.
The orc warrior barely misses you. The orc barely misses you.
You slash the orc priest! You burn the orc priest.
The orc priest is almost dead.
You slash the orc! You burn the orc.
You kill the orc!
The orc priest mumbles some strange prayers to Beogh against you.
Pain shoots through your body!
The orc warrior hits you from afar with a +0 halberd.
You slash the orc priest! You burn the orc priest.
You kill the orc priest!
The orc warrior hits you from afar with a +0 halberd!
The orc warrior hits you with a +0 halberd.
Things that are here:
a +0 flail; a +0 chain mail You slash the orc warrior!
You burn the orc warrior.
The orc warrior is severely wounded.
You hear a shout!
The orc warrior hits you with a +0 halberd!
You closely miss the orc warrior.
The orc warrior is severely wounded.
The orc warrior hits you with a +0 halberd.
The orc warrior hits you with a +0 halberd!
* * * LOW HITPOINT WARNING * * *
You barely miss the orc warrior.
The orc warrior is severely wounded.
The orc warrior hits you with a +0 halberd!
* * * LOW HITPOINT WARNING * * *
You hit the orc warrior. You burn the orc warrior.
The orc warrior is severely wounded.
The orc warrior barely misses you.
You hit the orc warrior. You burn the orc warrior.
The orc warrior is severely wounded.
The orc warrior hits you with a +0 halberd.
* * * LOW HITPOINT WARNING * * *
You barely miss the orc warrior.
The orc warrior is severely wounded.
The orc warrior hits you with a +0 halberd!
You die...

##.....#####
#..........#
#.........∩#
#..........#
#......<...#
#..........#
#..........#
####.)........#
#.....@.#######
....#####o# . .
#S# ... ....#
.....# .S..o..
........
.....o....


You could see an orc warrior, an orc wizard and an adder.

Vanquished Creatures
  An ice beast (D:5)
  A black bear (D:5)
  An ogre (D:5)
  A kobold brigand (D:5)
  A phantom (D:5)
  2 water moccasin zombies (Ossuary)
  2 orc priests
  2 hounds (D:4)
  3 jellies
  2 iguanas (D:5)
  An orc wizard (D:4)
  2 mummies (Ossuary)
  3 gnolls (D:2)
  7 adders
  A white imp (D:6)
  2 ufetubi
  7 adder zombies (Ossuary)
  3 dart slugs
  12 orcs
  6 ball pythons
  2 bats (D:1)
  3 endoplasms
  4 giant cockroaches
  8 goblins
  6 hobgoblins
  7 jackals
  4 quokkas
  2 frilled lizards
  4 gnoll zombies (Ossuary)
  2 hobgoblin zombies (Ossuary)
  13 kobolds
  9 kobold zombies (Ossuary)
  12 orc zombies (Ossuary)
  2 rats
138 creatures vanquished.

Notes
Turn   | Place    | Note
-------+----------+-------------------------------------------
     0 | D:1      | derrydude the Demonspawn Cinder Acolyte began the quest for
                  | the Orb.
     0 | D:1      | Reached XP level 1. HP: 18/18 MP: 2/2
   170 | D:1      | Gained mutation: You are partially covered in razor-sharp
                  | scales. (AC +1, Slay +1) [demonic ancestry]
   170 | D:1      | Reached XP level 2. HP: 6/24 MP: 3/3
   394 | D:1      | Learned a level 2 spell: Scorch
  1110 | D:1      | Reached XP level 3. HP: 25/29 MP: 1/5
  1304 | D:1      | Found Sumar's Jewellery Shop.
  1468 | D:2      | Identified 2 scrolls of acquirement
  1468 | D:2      | Acquired 514 gold pieces
  1470 | D:2      | Acquired a +5 broad axe of flaming
  1667 | D:2      | Found Barphuiru's Jewellery Emporium.
  1712 | D:2      | Found a faded altar of an unknown god.
  1790 | D:2      | Gained mutation: You have sharp fingernails. [demonic
                  | ancestry]
  1790 | D:2      | Reached XP level 4. HP: 31/37 MP: 6/6
  2658 | D:3      | Reached XP level 5. HP: 20/43 MP: 8/8
  2922 | D:3      | Identified the +1 leather armour of the Valley {rPois}
  3177 | D:4      | Reached skill level 5 in Fighting
  3407 | D:4      | Reached XP level 6. HP: 36/51 MP: 9/9
  3847 | D:5      | Entered Level 5 of the Dungeon
  3863 | D:5      | Noticed an ice beast
  3874 | D:5      | Killed an ice beast
  3875 | D:5      | Reached XP level 7. HP: 32/58 MP: 10/10
  3972 | D:5      | Reached skill level 5 in Axes
  4257 | D:5      | Found a sand-covered staircase.
  4266 | Ossuary  | Entered an ossuary
  4546 | D:5      | Reached XP level 8. HP: 64/64 MP: 0/11
  4865 | D:6      | Found Isuummio's Assorted Antiques.
  4869 | D:6      | Bought a bronze wand for 96 gold pieces
  4869 | D:6      | Bought a smoky ruby potion for 21 gold pieces
  4869 | D:6      | Bought a steaming diamond amulet for 120 gold pieces
  4869 | D:6      | Identified the amulet "Xilab" {RegenMP *Slow Regen+ Str-3
                  | Dex+5} (You bought it in a shop on level 6 of the Dungeon)
  4869 | D:6      | Bought a scroll of magic mapping for 180 gold pieces
  4899 | D:6      | HP: 2/64 [orc warrior/+0 halberd (10)]
  4902 | D:6      | Mangled by an orc warrior

Illustrated notes

Levels and vault maps discovered:
D:1:      dpeg_arrival_pits, layout_basic, serial_shops, shop,
          minmay_tetromino_t4
D:2:      layout_basic, serial_shops, shop, ebering_ecumenical_altar_ruins
D:3:      layout_rooms
D:4:      layout_cave_pools
D:5:      layout_loops_ring, enter_ossuary_1
D:6:      kennysheep_kobold_camp, layout_basic, minmay_temple_entry_slanted,
          serial_shops, shop, minmay_manual_mullet

Skill      XL: |  1  2  3  4  5  6  7 |
---------------+----------------------+-----
Fire Magic     | 3 4 |  4.0
Fighting       | 4 5 6 |  6.0
Spellcasting   | 2 |  2.0
Axes           | 4 6 |  6.9

Action                   |  1- 3 |  4- 6 |  7- 9 || total
-------------------------+-------+-------+-------++-------
Melee: Hand axe          |    70 |       |       ||    70
       Punch             |     2 |       |     1 ||     3
       Broad axe         |     9 |    90 |   130 ||   229
 Cast: Scorch            |    10 |    12 |    13 ||    35
  Use: Scroll            |     5 |     7 |     7 ||    19
Armor: Robe              |    22 |    26 |    40 ||    88
Dodge: Dodged            |    54 |    65 |    54 ||   173

Table legend: (Time is in decaauts)
 A = Elapsed time spent in this place.
 B = Non-inter-level travel time spent in this place.
 C = Inter-level travel time spent in this place.
 D = Time resting spent in this place.
 E = Time spent auto-exploring this place.
 F = Levels seen in this place.
 G = Mean time per level.
                   A        B        C        D        E       F      G
               +--------+--------+--------+--------+--------+-----+--------+
         Total |   5000 |   4771 |    229 |    760 |   2837 |   7 |  714.3 |
       Dungeon |   4743 |   4514 |    229 |    736 |   2837 |   6 |  790.5 |
       Ossuary |    257 |    257 |      0 |     24 |      0 |   1 |  257.0 |
               +--------+--------+--------+--------+--------+-----+--------+

Top non-repeatable levels by time:
     D:1: 1425 daAuts
     D:2: 1213 daAuts
     D:5: 805 daAuts
     D:4: 732 daAuts
     D:3: 527 daAuts
 Ossuary: 257 daAuts
     D:6: 39 daAuts
